 Dungeon Crawl Stone Soup version 0.25-a0-681-gdf4e720381 (console) character file.

Game seed: 823026988191620386, levelgen mode: classic

77 Duffy the Chopper (level 4, 32/35 HPs)
             Began as a Demonspawn Fighter on Mar 30, 2020.
             Quit the game on level 2 of the Dungeon.
             The game lasted 00:01:17 (1656 turns).

Duffy the Chopper (Demonspawn Fighter)              Turns: 1656, Time: 00:01:18

Health: 32/35      AC:  8    Str: 16    XL:     4   Next: 13%
Magic:  4/4        EV:  6    Int: 11    God:
Gold:   58         SH:  8    Dex: 12    Spells: 3/3 levels left

rFire    + . .     SeeInvis .   a - +0 war axe
rCold    . . .     Gourm    .   c - +0 kite shield
rNeg     . . .     Faith    .   b - +0 scale mail
rPois    .         Spirit   +   (no helmet)
rElec    .         Reflect  .   (no cloak)
rCorr    .         Harm     .   (no gloves)
MR       .....                  (no boots)
Stlth    ..........             (no amulet)
HPRegen  0.11/turn              p - ring of protection from fire
MPRegen  0.09/turn              (no ring)

@: no status effects
A: molten scales 1, magic shield
a: no special abilities


You were on level 2 of the Dungeon.
You were not hungry.

You visited 1 branch of the dungeon, and saw 2 of its levels.

You collected 58 gold pieces.

Inventory:

Hand Weapons
 a - a +0 war axe (weapon)
Missiles
 l - 4 curare-tipped darts (quivered)
Armour
 b - a +0 scale mail (worn)
 c - a +0 kite shield (worn)
 q - a +0 plate armour
Jewellery
 p - a ring of protection from fire (left hand)
Scrolls
 e - 3 scrolls of identify {unknown}
 h - 3 scrolls of remove curse {unknown}
 i - a scroll of teleportation {unknown}
 k - a scroll of blinking {unknown}
Potions
 d - 2 potions of might
 j - a potion of stabbing {unknown}
 m - a potion of flight {unknown}
 n - a potion of haste {unknown}
 o - 2 potions of berserk rage {unknown}
Comestibles
 f - 4 rations
 g - 3 chunks of flesh


   Skills:
 - Level 3.0 Fighting
 + Level 4.0 Axes
 - Level 2.6 Armour
 - Level 2.6 Shields


You had 3 spell levels left.
You didn't know any spells.
Your spell library was empty.

Dungeon Overview and Level Annotations

Branches:
Dungeon (2/15)

Altars:


Innate Abilities, Weirdness & Mutations

You are partially covered in molten scales. (AC +2)
When hurt, damage is shared between your health and your magic reserves.


Message History

You feel your magical essence form a protective shroud around your flesh.
The bat hits you but does no damage.
A worm comes into view.
You block the gnoll's attack.
Throwing (i - inventory)
l - 6 curare-tipped darts (quivered)
Press: ? - help, Shift-Dir - straight line, f - bat
Aim: a bat You throw a curare-tipped dart.
The curare-tipped dart hits the bat.
The bat is poisoned.
The bat convulses.
You kill the bat!
The gnoll hits you but does no damage.
Throwing (i - inventory)
l - 5 curare-tipped darts (quivered)
Press: ? - help, Shift-Dir - straight line, f - gnoll
Aim: a gnoll, wielding a +0 spear You throw a curare-tipped dart.
The curare-tipped dart hits the gnoll.
The gnoll is poisoned.
The gnoll convulses.
The gnoll seems to slow down.
The gnoll is heavily wounded.
A hobgoblin comes into view. It is wielding a +0 club.
The gnoll hits you from afar with a +0 spear.
Are you sure you want to abandon this character and quit the game? (Confirm with "yes".)

#. #g###
#.w.# ...
.g. #g# #(#
####@####.#
##.........#
#.....######
#.# #..####
#.# #..# #.#
#..# #.#
#..# #.#
#..# #.#
#..##### #.#


You could see a worm, 2 gnolls and a hobgoblin (wandering).

Vanquished Creatures
  An iguana (D:2)
  A gnoll (D:2)
  An ooze (D:1)
  A dart slug (D:1)
  A leopard gecko (D:1)
  2 ball pythons
  2 giant cockroaches (D:1)
  3 goblins (D:1)
  4 hobgoblins
  3 jackals (D:1)
  3 bats
  3 frilled lizards (D:1)
  4 kobolds (D:1)
  6 rats (D:1)
35 creatures vanquished.

Notes
Turn   | Place    | Note
-------+----------+-------------------------------------------
     0 | D:1      | Duffy the Demonspawn Fighter began the quest for the Orb.
     0 | D:1      | Reached XP level 1. HP: 18/18 MP: 1/1
    28 | D:1      | Reached skill level 2 in Axes
   108 | D:1      | Gained mutation: You are partially covered in molten
                  | scales. (AC +2) [demonic ancestry]
   108 | D:1      | Reached XP level 2. HP: 21/24 MP: 2/2
   435 | D:1      | Reached skill level 3 in Axes
   640 | D:1      | Reached XP level 3. HP: 29/29 MP: 3/3
  1653 | D:2      | Reached skill level 4 in Axes
  1653 | D:2      | Gained mutation: When hurt, damage is shared between your
                  | health and your magic reserves. [demonic ancestry]
  1653 | D:2      | Reached XP level 4. HP: 35/35 MP: 4/4
  1656 | D:2      | Quit the game

Levels and vault maps discovered:
D:1:      lightli_arrival_isolated_outpost, layout_basic, minmay_statues_item
D:2:      minmay_evil_eye, layout_loops_ring

Skill      XL: |  1  2  3 |
---------------+----------+-----
Axes           | 2 3 4 |  4.0
Fighting       | |  3.0
Armour         | |  2.6
Shields        | |  2.6

Action                   |  1- 3 |  4- 6 || total
-------------------------+-------+-------++-------
Melee: War axe           |   109 |       ||   109
Throw: Dart              |     3 |     2 ||     5
  Eat: Ration            |     1 |       ||     1
Armor: Scale mail        |    76 |     2 ||    78
Dodge: Dodged            |    27 |       ||    27
Block: Kite shield       |    54 |     1 ||    55

Table legend:
 A = Non-vault XP
 B = Vault XP
 C = Vault XP percentage of total XP
 D = Non-vault monster count
 E = Vault monster count
 F = Vault count percentage of total count
                 A         B        C        D         E       F
            +---------+---------+-------+---------+---------+-------
      Total |     110 |       0 |   0.0 |      35 |       0 |   0.0
            +---------+---------+-------+---------+---------+-------
        D:1 |      55 |       0 |   0.0 |      30 |       0 |   0.0
        D:2 |      55 |       0 |   0.0 |       5 |       0 |   0.0
            +---------+---------+-------+---------+---------+-------
